 Dungeon Crawl Stone Soup version 0.29-a0-344-ge2f44be95a (webtiles) character file.

Game seed: 13156711142605016932

919 Shayle the Sneak (level 8, -5/50 HPs)
             Began as a Tengu Brigand on Apr 22, 2022.
             Slain by an ogre
             ... wielding a +0 giant club
              (28 damage)
             ... on level 4 of the Dungeon.
             The game lasted 00:10:04 (3931 turns).

Shayle the Sneak (Tengu Brigand)                    Turns: 3931, Time: 00:10:05

Health: -5/50      AC:  3    Str: 11    XL:     8   Next: 9%
Magic:  9/9        EV: 18    Int: 13    God:
Gold:   243        SH:  0    Dex: 17    Spells: 7/7 levels left

rFire   . . .      SeeInvis .   a - +3 dagger
rCold   . . .      Faith    .   (no shield)
rNeg    . . .      Spirit   .   b - +0 robe
rPois   .          Reflect  .   (helmet restricted)
rElec   .          Harm     .   c - +0 cloak
rCorr   .          Rampage  .   (no gloves)
Will    .....                   (boots unavailable)
Stlth   ++++......              (no amulet)
HPRegen 0.16/turn               (no ring)
MPRegen 0.11/turn               (no ring)

@: flying quickly and evasively, studying Stealth, quick
A: beak, talons 3, nimble flight
a: no special abilities


You were on level 4 of the Dungeon.
You visited 1 branch of the dungeon, and saw 5 of its levels.

You collected 243 gold pieces.

Inventory:

Hand Weapons
 a - a +3 dagger (weapon)
Missiles
 d - 7 poisoned darts
 e - a curare-tipped dart (quivered)
Armour
 b - a +0 robe (worn)
 c - a +0 cloak (worn)
Jewellery
 k - a +4 ring of evasion
Scrolls
 g - 4 scrolls of identify {unknown}
 l - 2 scrolls of magic mapping {unknown}
 n - 3 scrolls of vulnerability {unknown}
 o - a scroll of noise {unknown}
 q - a scroll of blinking {unknown}
 r - 2 scrolls of enchant armour {unknown}
 s - a scroll of immolation {unknown}
 v - 2 scrolls of teleportation {unknown}
Potions
 f - 2 potions of might {unknown}
 h - a potion of cancellation {unknown}
 i - 2 potions of flight {unknown}
 j - a potion of heal wounds {unknown}
 m - a potion of degeneration {unknown}
 p - a potion of haste {unknown}
 t - a potion of lignification {unknown}
 u - a potion of brilliance {unknown}
 w - a potion of attraction {unknown}


   Skills:
 + Level 5.4 Fighting
 - Level 2.1 Short Blades
 - Level 2.0 Throwing
 + Level 5.6 Dodging
 + Level 7.2 Stealth


You had 7 spell levels left.
You didn't know any spells.
Your spell library was empty.

Dungeon Overview and Level Annotations

Branches:
Dungeon (5/15)
 Temple: D:4-7

Altars:
The Shining One


Innate Abilities, Weirdness & Mutations

You have a beak for a mouth.
You have claws for feet.
Your magical nature lets you fly swiftly and evasively.


Message History

The orc hits you with a +0 club.
You barely miss the orc. You claw the orc, but do no damage.
You peck the orc, but do no damage.
The orc is moderately wounded.
The orc hits you with a +0 club.
You barely miss the orc. You claw the orc. You peck the orc, but do no damage.
The orc is almost dead.
The orc barely misses you.
You hit the orc.
You kill the orc!
Throw: 3 darts (curare)
Press: ? - help, Q - select action, (/) - cycle Shift-Dir - straight line, f - ogre
Aim: an ogre, wielding a +0 giant club (77% to hit)
You throw a curare-tipped dart. The curare-tipped dart hits the ogre.
The ogre is poisoned.
The ogre convulses.
The ogre seems to slow down.
The ogre is lightly wounded.
Throw: 9 darts (poison)
Press: ? - help, Q - select action, (/) - cycle Shift-Dir - straight line, f/p - ogre
Aim: an ogre, wielding a +0 giant club (moderately wounded, very poisoned, slow, 77% to hit)
You throw a poisoned dart. The poisoned dart hits the ogre.
The ogre looks even sicker.
The ogre is moderately wounded.
Throw: 8 darts (poison)
Press: ? - help, Q - select action, (/) - cycle Shift-Dir - straight line, f/p - ogre
Aim: an ogre, wielding a +0 giant club (moderately wounded, very poisoned, slow, 77% to hit)
You throw a poisoned dart. The poisoned dart hits the ogre.
The ogre is moderately wounded.
The ogre is no longer moving slowly.
Throw: 2 darts (curare)
Press: ? - help, Q - select action, (/) - cycle Shift-Dir - straight line, f/p - ogre
Aim: an ogre, wielding a +0 giant club (moderately wounded, very poisoned, 77% to hit)
You throw a curare-tipped dart. The curare-tipped dart hits the ogre.
The ogre looks as sick as possible!
The ogre convulses.
The ogre seems to slow down.
The ogre is severely wounded.
The ogre is no longer moving slowly.
The ogre hits you with a +0 giant club!!
Ouch! That really hurt!
You die...

#.....#......#........#
###..#.#.####.#######.###
.....#..................#
####..##.####.###########
.......>..# #.#
#####.##..###.# #
#.........# #
##.#..########## #
#..<.......@O.# #
####..#########.#
####.......# #####.##
...........# #.(....#
...........# #.######
.........>.# #...#
...........# #.#O#
.........(.# #.#(#
##########(#####.#


You could see an ogre (very poisoned).

Vanquished Creatures
  Sigmund (D:2)
  2 ogres (D:4)
  A phantom (D:4)
  A bullfrog (D:4)
  2 scorpions
  An iguana (D:4)
  3 hounds (D:4)
  Jessica (D:2)
  Natasha (thrice) (D:2)
  3 adders
  A worm (D:4)
  A dart slug (D:3)
  3 orcs
  7 ball pythons
  5 bats
  3 endoplasms
  7 giant cockroaches
  5 goblins
  13 hobgoblins
  5 kobolds
  5 quokkas
  6 frilled lizards
  8 rats
87 creatures vanquished.

Notes
Turn   | Place    | Note
-------+----------+-------------------------------------------
     0 | D:1      | Shayle the Tengu Brigand began the quest for the Orb.
     0 | D:1      | Reached XP level 1. HP: 12/12 MP: 2/2
   141 | D:1      | Reached XP level 2. HP: 17/17 MP: 3/3
   226 | D:1      | Found a faded altar of an unknown god.
   491 | D:1      | Reached XP level 3. HP: 16/22 MP: 4/4
   773 | D:2      | Noticed Natasha
   989 | D:2      | Noticed Jessica
  1000 | D:2      | Killed Jessica
  1001 | D:2      | Reached XP level 4. HP: 27/27 MP: 5/5
  1002 | D:2      | Noticed Sigmund
  1015 | D:2      | Killed Sigmund
  1016 | D:2      | Reached skill level 5 in Stealth
  1016 | D:2      | Gained mutation: Your magical nature lets you fly swiftly
                  | and evasively. [Tengu growth]
  1016 | D:2      | Reached XP level 5. HP: 27/33 MP: 6/6
  1016 | D:2      | Reached XP level 6. HP: 31/38 MP: 7/7
  1037 | D:2      | Killed Natasha
  1049 | D:2      | Noticed Natasha
  1062 | D:2      | Killed Natasha
  1067 | D:2      | Noticed Natasha
  1071 | D:2      | Killed Natasha
  2430 | D:4      | Reached skill level 6 in Stealth
  2430 | D:4      | Reached XP level 7. HP: 25/44 MP: 8/8
  2917 | D:4      | Found a glowing golden altar of the Shining One.
  3221 | D:4      | Reached skill level 5 in Fighting
  3221 | D:4      | Reached skill level 5 in Dodging
  3489 | D:4      | Reached skill level 7 in Stealth
  3489 | D:4      | Reached XP level 8. HP: 15/49 MP: 9/9
  3549 | D:4      | Noticed a yak
  3821 | D:5      | Entered Level 5 of the Dungeon
  3931 | D:4      | Slain by an ogre

Illustrated notes

Levels and vault maps discovered:
D:1:      matt_arrival_spirals, layout_loops_ring,
          chequers_ecumenical_altar_twisty, moated_statue, minivault_23,
          hangedman_decor_diamond_cutter
D:2:      layout_rooms, kennysheep_generic_room_11, uniq_natasha, uniq_jessica,
          uniq_sigmund
D:3:      layout_loops_corners
D:4:      layout_basic, tso_oasis_becter, minmay_manual_monolith
D:5:      layout_rooms, grunt_temple_overflow_magic_moments,
          mainiacjoe_overflow_alcove_2, minmay_temple_entry_glassed_door,
          feat_on_display

Skill      XL: |  1  2  3  4  5  6  7 |
---------------+----------------------+-----
Dodging        | 2 3 4 5 |  5.6
Fighting       | 3 4 5 |  5.4
Stealth        | 5 6 7 |  7.2
Short Blades   | |  2.1
Throwing       | |  2.0

Action                   |  1- 3 |  4- 6 |  7- 9 || total
-------------------------+-------+-------+-------++-------
Melee: Dagger            |    64 |    54 |    80 ||   198
       Kick              |     9 |     9 |    21 ||    39
       Peck              |     9 |     9 |    18 ||    36
       Punch             |     2 |       |     4 ||     6
Throw: Dart              |     2 |     9 |    11 ||    22
  Use: Scroll            |     1 |       |       ||     1
 Stab: Sleeping          |    11 |     5 |     4 ||    20
Armor: Robe              |    10 |    11 |    11 ||    32
Dodge: Dodged            |    35 |    30 |    59 ||   124

Table legend: (Time is in decaauts)
 A = Elapsed time spent in this place.
 B = Non-inter-level travel time spent in this place.
 C = Inter-level travel time spent in this place.
 D = Time resting spent in this place.
 E = Time spent auto-exploring this place.
 F = Levels seen in this place.
 G = Mean time per level.
                   A        B        C        D        E       F      G
               +--------+--------+--------+--------+--------+-----+--------+
         Total |   3702 |   3608 |     94 |    406 |   2296 |   5 |  740.4 |
       Dungeon |   3702 |   3608 |     94 |    406 |   2296 |   5 |  740.4 |
               +--------+--------+--------+--------+--------+-----+--------+

Top non-repeatable levels by time:
     D:4: 1372 daAuts
     D:3: 869 daAuts
     D:1: 778 daAuts
     D:2: 619 daAuts
     D:5: 62 daAuts
